 Dungeon Crawl Stone Soup version 0.31-a0-18-gea43df2a32 (console) character file.

Game seed: 2698738055908623673

98 petzl the Sneak (level 5, -7/41 HPs)
             Began as a Formicid Delver on May 10, 2023.
             Mangled by a gnoll
             ... wielding a +2 halberd of venom
              (14 damage)
             ... on level 2 of the Dungeon.
             The game lasted 00:10:03 (2746 turns).

petzl the Sneak (Formicid Delver)                   Turns: 2746, Time: 00:10:04

Health: -7/41      AC:  4    Str: 21 (22) XL:     5   Next: 1%
Magic:  9/9        EV: 12    Int: 11 (12) God:
Gold:   72         SH:  0    Dex: 14 (15) Spells: 9/9 levels left

rFire   . . .        b - +1 short sword (protect)
rCold   . . .        (no shield)
rNeg    . . .        x - +0 leather armour
rPois   .            (helmet unavailable)
rElec   .            v - +0 cloak
rCorr   .            (no gloves)
SInv    +            (no boots)
Will    .....        t - amulet of magic regeneration
Stlth   +++          w - +6 ring of strength
HPRegen 0.26/turn    (no ring)
MPRegen 0.51/turn

%: no passive effects
@: mighty, lethally poisoned (-7 -> -18)
A: permanent stasis, dig shafts and tunnels, antennae 3, four strong arms
a: Dig, Shaft Self


You were on level 2 of the Dungeon.
You visited 1 branch of the dungeon, and saw 6 of its levels.

You collected 176 gold pieces.
You spent 104 gold pieces at shops.

Inventory:

Hand Weapons
 a - a +0 heavy sling
 b - a +1 short sword of protection (weapon)
Missiles
 q - 2 poisoned darts
Armour
 v - a +0 cloak (worn)
 x - a +0 leather armour (worn)
Jewellery
 t - an amulet of magic regeneration (around neck)
 w - a +6 ring of strength (left hand)
Wands
 f - a wand of digging (3)
 j - a wand of flame (26)
Scrolls
 c - 3 scrolls of fog
 d - 2 scrolls of magic mapping
 e - 2 scrolls of fear
 g - 4 scrolls of identify
 i - a scroll of butterflies
 m - 2 scrolls of vulnerability
 p - a scroll of immolation
 u - 3 scrolls of amnesia
 y - a scroll of silence {unknown}
 z - a scroll of poison {unknown}
Potions
 k - a potion of lignification {unknown}
 l - a potion of degeneration
 n - a potion of cancellation {unknown}
 o - a potion of mutation {unknown}
 r - a potion of berserk rage {unknown}
 s - a potion of heal wounds {unknown}


   Skills:
 + Level 3.4 Fighting
 - Level 2.0 Maces & Flails
 + Level 0.7 Ranged Weapons
 + Level 0.2 Armour
 - Level 1.7 Dodging
 + Level 6.0 Stealth
 + Level 2.8 Spellcasting
 + Level 2.4 Evocations


You had 9 spell levels left.
You didn't know any spells.
Your spell library contained the following spells:

 Spells                   Type           Power      Damage    Failure   Level
 Sandblast                Erth           2%         2d4       30%         1
 Ensorcelled Hibernation  Hex/Ice        2%         N/A       43%         2
 Passwall                 Tmut/Erth      0%         N/A       43%         2
 Stone Arrow              Conj/Erth      2%         3d7       67%         3
 Swiftness                Air            Unusable   N/A       N/A         3

Dungeon Overview and Level Annotations

Branches:
Dungeon (6/15)
 Temple: D:4-7

Altars:
Hepliaklqana

Shops:
D:2 (*(?   D:4 *

Annotations:
D:4 exclusions: hound and scorpion
D:5 exclusion: sleepcap, Eustachio


Innate Abilities, Weirdness & Mutations

You cannot be hasted, slowed, berserked, paralysed or teleported.
You can dig through walls and to a lower floor.
You have a pair of large antennae on your head. (SInv)
Your four strong arms can wield two-handed weapons with a shield.


Message History

2 gnolls come into view.
A gnoll is wielding a +2 halberd of venom.
The gnoll shouts!
The gnoll hits you from afar with a +2 halberd of venom!
A gnoll comes into view. It is wielding a +0 spear.
There is a stone staircase leading up here.
The gnoll misses you.
There is a stone staircase leading up here.
The gnoll hits you with a +2 halberd of venom!
You climb upwards.
There is a stone staircase leading down, spattered with blood here.
You closely miss the gnoll. The gnoll hits you but does no damage.
You hit the gnoll but do no damage.
Your weapon exudes an aura of protection.
The gnoll misses you.
You hit the gnoll.
The gnoll is lightly wounded.
The gnoll closely misses you.
You barely miss the gnoll.
The gnoll is lightly wounded.
The gnoll hits you but does no damage.
You are poisoned.
You barely miss the gnoll.
The gnoll is lightly wounded.
You feel sick.
The gnoll hits you with a +2 halberd of venom!
* * * LOW HITPOINT WARNING * * *
It was a potion of degeneration.
There was something very wrong with that liquid.
You feel weakened.
You feel dopey.
You feel clumsy.
You feel sick. The gnoll hits you but does no damage.
You are lethally poisoned!
Okay, then.
Unknown command.
It was a potion of might.
You feel very mighty all of a sudden.
* * * LOW HITPOINT WARNING * * *
You feel very sick.
The gnoll hits you with a +2 halberd of venom!
You die...

.# ########≈...~...~...≈#.# #.##
.# #≈...~~.~~...≈#.######.## .#
#≈≈....#....≈≈##......... .#
#≈≈≈.......≈≈≈##.####.### .#
#≈≈≈≈.....≈≈≈≈##.# #.# .#
#≈≈≈≈≈≈≈≈≈≈≈≈≈##.# #.# ∩#
################.# #.# .#
#..#....####.# #†# ##
#.#..........# #.#
#.###...∩.##.####.#
#.####.∩∩∩##......#
#.......∩.##.######
#.###........#
#.##.....##########
#.................# ###
#.##.....########.# ##.##
#.###...## #.# ##...###.#.....#
#.# ##.....##.#@)...# #.#
#######..........g....# #.#
#............##.#...(.# #.#
#.#######...###<#.....# #.#
).....^###.## #.###..## #.#
..####.# ### #.# #..# #.# ..# #.#
#.# #..# #.# ..# #.# ##.###..#
#.# ..####.#######.#.##..# #.#
.....∩........###....# #.#
.#####.........#.##.###########.#
................###.# #.......).#
..####.######.### #.# #.#########
..# #.# ##.## #.# #.#
..####.#####...####.# #.#
.......#.....#......# #.#
#.####.#.##....##.#####.#
............#†###<......#
########.####.# #..######


You could see a gnoll.

Vanquished Creatures
  3 gnolls
  2 adders (D:2)
  2 worms
  A dart slug (D:2)
  6 endoplasms
  5 giant cockroaches
  A goblin (D:3)
  A hobgoblin (D:4)
  3 jackals (D:2)
  3 quokkas
  3 ball pythons
  3 bats
  4 frilled lizards
  3 kobolds
  3 rats (D:1)
43 creatures vanquished.

Notes
Turn   | Place    | Note
-------+----------+-------------------------------------------
     0 | D:5      | petzl the Formicid Delver began the quest for the Orb.
     0 | D:5      | Reached XP level 1. HP: 18/18 MP: 1/1
    53 | D:6      | Noticed an orc warrior
    60 | D:5      | Noticed a sleepcap
    84 | D:5      | Found a hazy altar of Hepliaklqana.
    89 | D:5      | Noticed Eustachio
   338 | D:4      | Noticed a scorpion
   360 | D:5      | Noticed a black bear
   365 | D:4      | Noticed a hound
   371 | D:4      | Found Ygoxiowno's Assorted Antiques.
   383 | D:4      | Reached skill level 1 in Spellcasting
   578 | D:4      | Reached XP level 2. HP: 24/24 MP: 2/4
   653 | D:2      | Found Vyapp's Antique Weapon Emporium.
  1170 | D:1      | Reached skill level 1 in Evocations
  1661 | D:2      | Reached XP level 3. HP: 29/29 MP: 4/6
  1690 | D:2      | Found Cureol's General Store.
  1819 | D:2      | Found Leigh's Weapon Shoppe.
  2109 | D:2      | Found Ahas's Magic Scroll Emporium.
  2116 | D:2      | Bought a scroll of identify for 26 gold pieces
  2116 | D:2      | Bought a scroll of identify for 26 gold pieces
  2116 | D:2      | Bought a scroll of identify for 26 gold pieces
  2116 | D:2      | Bought a scroll of identify for 26 gold pieces
  2165 | D:2      | Reached XP level 4. HP: 29/35 MP: 7/7
  2476 | D:3      | Noticed a shining eye
  2478 | D:3      | Found a faded altar of an unknown god.
  2480 | D:3      | Noticed a great orb of eyes
  2480 | D:3      | Noticed a floating eye
  2480 | D:3      | Noticed a golden eye
  2727 | D:3      | Reached XP level 5. HP: 41/41 MP: 9/9
  2746 | D:2      | Mangled by a gnoll

Illustrated notes

Levels and vault maps discovered:
D:1:      amcnicky_arrival_blooded_trapdoor, layout_basic
D:2:      layout_loops_ring, serial_shops, nicolae_shop_dealshenge, shop,
          nicolae_shop_competitors_out_of_business, shop,
          kennysheep_generic_room_2
D:3:      layout_loops_ring, hellmonk_ecumenical_altar_watching_god
D:4:      layout_basic, serial_shops, shop
D:5:      layout_basic, nicolae_hepliaklqana_hazy_memory, temple_green,
          minmay_holes, nrook_uturn, uniq_ijyb, uniq_eustachio
D:6:      layout_basic, nicolae_overflow_hidden_temple, serial_shops, shop

Skill      XL: |  1  2  3 |
---------------+----------+-----
Spellcasting   | 1 2 |  2.8
Evocations     | 1 2 |  2.4
Fighting       | |  3.4
Maces & Flails | |  2.0
Ranged Weapons | |  0.7
Armour         | |  0.2
Dodging        | |  1.7
Stealth        | |  6.0

Action                     |  1- 3 |  4- 6 || total
---------------------------+-------+-------++-------
  Melee: Mace              |    73 |       ||    73
         Short sword       |    34 |    72 ||   106
   Fire: Sling             |       |     9 ||     9
    Use: Scroll            |     6 |     1 ||     7
         Potion            |       |     3 ||     3
   Stab: Sleeping          |     5 |     1 ||     6
 Armour: Leather armour    |    31 |    22 ||    53
  Dodge: Dodged            |    82 |    59 ||   141

Table legend: (Time is in decaauts)
 A = Elapsed time spent in this place.
 B = Non-inter-level travel time spent in this place.
 C = Inter-level travel time spent in this place.
 D = Time resting spent in this place.
 E = Time spent auto-exploring this place.
 F = Levels seen in this place.
 G = Mean time per level.
                   A        B        C        D        E       F      G
               +--------+--------+--------+--------+--------+-----+--------+
         Total |   2777 |   2645 |    132 |    116 |   1520 |   6 |  462.8 |
       Dungeon |   2777 |   2645 |    132 |    116 |   1520 |   6 |  462.8 |
               +--------+--------+--------+--------+--------+-----+--------+

Top non-repeatable levels by time:
     D:1: 920 daAuts
     D:2: 861 daAuts
     D:3: 383 daAuts
     D:4: 330 daAuts
     D:5: 280 daAuts
     D:6: 1 daAuts
